 Dungeon Crawl Stone Soup version 0.27.0-1-g7a089689b8 (webtiles) character file.

Game seed: 7838522088268345323

254 Anothat the Shield-Bearer (level 6, -3/53 HPs)
             Began as a Gnoll Fighter on Aug 1, 2021.
             Slain by an ogre (22 damage)
             ... on level 4 of the Dungeon.
             The game lasted 00:04:35 (2265 turns).

Anothat the Shield-Bearer (Gnoll Fighter)           Turns: 2265, Time: 00:04:35

Health: -3/53      AC:  7    Str: 17    XL:     6   Next: 14%
Magic:  8/8        EV: 10    Int:  8    God:
Gold:   88         SH:  0    Dex: 11    Spells: 8/8 levels left

rFire    . . .     SeeInvis .   a - +0 war axe
rCold    . . .     Faith    .   (no shield)
rNeg     . . .     Spirit   .   b - +0 scale mail
rPois    .         Reflect  .   (no helmet)
rElec    .         Harm     .   (no cloak)
rCorr    .         Rampage  .   (no gloves)
Will     .....                  (no boots)
Stlth    ..........             (no amulet)
HPRegen  0.17/turn              (no ring)
MPRegen  0.11/turn              (no ring)

@: mighty
A: fangs 1, strong nose, distributed training
a: no special abilities


You were on level 4 of the Dungeon.
You visited 1 branch of the dungeon, and saw 4 of its levels.

You collected 88 gold pieces.

Inventory:

Hand Weapons
 a - a +0 war axe (weapon)
 f - a +4 dagger
Armour
 b - a +0 scale mail (worn)
 c - a +0 kite shield
 h - a scarf of harm
Jewellery
 g - a +6 ring of intelligence
Wands
 k - a wand of iceblast (5)
Scrolls
 e - a scroll of identify
 i - a scroll of enchant weapon


   Skills:
 + Level 6.8 Fighting
 + Level 1.8 Short Blades
 + Level 1.8 Long Blades
 + Level 4.9 Axes
 + Level 1.8 Maces & Flails
 + Level 1.8 Polearms
 + Level 1.8 Staves
 + Level 1.8 Slings
 + Level 1.8 Bows
 + Level 1.8 Crossbows
 + Level 1.8 Throwing
 + Level 6.8 Armour
 + Level 1.8 Dodging
 + Level 1.8 Stealth
 + Level 6.8 Shields
 + Level 1.8 Unarmed Combat
 + Level 1.8 Spellcasting
 + Level 1.4 Conjurations
 + Level 1.4 Hexes
 + Level 1.4 Summonings
 + Level 1.4 Necromancy
 + Level 1.4 Translocations
 + Level 1.4 Transmutations
 + Level 1.4 Fire Magic
 + Level 1.4 Ice Magic
 + Level 1.4 Air Magic
 + Level 1.4 Earth Magic
 + Level 1.4 Poison Magic
 + Level 2.0 Invocations
 + Level 1.8 Evocations


You had 8 spell levels left.
You didn't know any spells.
Your spell library contained the following spells:

 Spells                   Type           Power      Damage    Failure   Level
 Ignite Poison            Fire/Tmut/Pois 3%         N/A       88%         3
 Storm Form               Tmut/Air       1%         N/A       100%        7
 Ignition                 Fire           1%         3d3       100%        8


Dungeon Overview and Level Annotations

Branches:
Dungeon (4/15)
 Temple: D:4-7

Altars:

Annotations:
D:3 2 transporters, poire's ghost, amateur DrTm


Innate Abilities, Weirdness & Mutations

You have very sharp teeth.
Your uncanny sense of smell can sniff out nearby items.
Your experience applies equally to all skills.


Message History

You barely miss the ball python. The ball python completely misses you.
The ball python constricts you. The phantom closely misses you.
You slash the phantom!
You destroy the phantom!
You completely miss the ball python. The ball python closely misses you.
The ball python constricts you. The ball python bites you.
The ball python constricts you.
Your Invocations skill increases to level 2!
You have reached level 6!
Your experience leads to an increase in your attributes!
Increase (S)trength, (I)ntelligence, or (D)exterity?
You feel stronger.
You barely miss the ogre. You completely miss the ball python.
You hear the slow hiss of a very distant avalanche of sand.
The ball python barely misses you. The ball python constricts you.
The ogre hits you with a +0 giant club!
You slash the ogre! Your bite misses the ogre.
The ogre is moderately wounded.
You slash the ball python!
You kill the ball python!
The ogre hits you but does no damage.
You barely miss the ogre.
The ogre is moderately wounded.
The ogre closely misses you.
You barely miss the ogre.
The ogre is moderately wounded.
You barely miss the worm. The ogre hits you with a +0 giant club!
You slash the ogre!
The ogre is almost dead.
You slash the worm! The ogre hits you with a +0 giant club.
The worm closely misses you.
You barely miss the ogre.
The ogre is almost dead.
You slash the worm!
You kill the worm!
The ogre closely misses you.
You barely miss the ogre. You bite the ogre.
The ogre is almost dead.
The ogre hits you with a +0 giant club!!
You die...

#....# #. #.# #.#
∆#.# ∆. #..###.## .#
#.....# ..# ∆#.#.wO#
##...# #.....#
#$.....
#)..###..#####.......
∆#.# #....$†@.<# #
#..#...O####
...!.......#
###.....#...#
#.....####### ....###
...## ..#


You could see an ogre.

Vanquished Creatures
  A phantom (D:4)
  Natasha (twice) (D:2)
  3 gnolls (D:3)
  5 adders
  An adder skeleton (D:4)
  A worm (D:4)
  2 dart slugs (D:1)
  3 ball pythons
  5 endoplasms
  2 goblins (D:2)
  6 hobgoblins
  4 jackals (D:1)
  A quokka (D:2)
  5 bats
  3 frilled lizards
  3 kobolds (D:2)
  5 rats
52 creatures vanquished.

Notes
Turn   | Place    | Note
-------+----------+-------------------------------------------
     0 | D:1      | Anothat the Gnoll Fighter began the quest for the Orb.
     0 | D:1      | Reached XP level 1. HP: 23/23 MP: 1/1
    84 | D:1      | Reached XP level 2. HP: 28/29 MP: 2/2
   124 | D:1      | You fall into a shaft and drop 1 floor!
   258 | D:2      | Reached XP level 3. HP: 35/35 MP: 3/3
   361 | D:2      | Noticed Natasha
   368 | D:2      | Killed Natasha
   369 | D:2      | Reached skill level 1 in Short Blades
   369 | D:2      | Reached skill level 1 in Long Blades
   369 | D:2      | Reached skill level 1 in Maces & Flails
   369 | D:2      | Reached skill level 1 in Polearms
   369 | D:2      | Reached skill level 1 in Staves
   369 | D:2      | Reached skill level 1 in Slings
   369 | D:2      | Reached skill level 1 in Bows
   369 | D:2      | Reached skill level 1 in Crossbows
   369 | D:2      | Reached skill level 1 in Throwing
   369 | D:2      | Reached skill level 1 in Dodging
   369 | D:2      | Reached skill level 1 in Stealth
   369 | D:2      | Reached skill level 1 in Unarmed Combat
   369 | D:2      | Reached skill level 1 in Spellcasting
   369 | D:2      | Reached skill level 1 in Invocations
   369 | D:2      | Reached skill level 1 in Evocations
   466 | D:2      | Reached XP level 4. HP: 37/41 MP: 5/5
   782 | D:2      | Noticed Natasha
   789 | D:2      | Killed Natasha
   790 | D:2      | Reached skill level 1 in Conjurations
   790 | D:2      | Reached skill level 1 in Hexes
   790 | D:2      | Reached skill level 1 in Summonings
   790 | D:2      | Reached skill level 1 in Necromancy
   790 | D:2      | Reached skill level 1 in Translocations
   790 | D:2      | Reached skill level 1 in Transmutations
   790 | D:2      | Reached skill level 1 in Fire Magic
   790 | D:2      | Reached skill level 1 in Ice Magic
   790 | D:2      | Reached skill level 1 in Air Magic
   790 | D:2      | Reached skill level 1 in Earth Magic
   790 | D:2      | Reached skill level 1 in Poison Magic
  1263 | D:3      | Reached XP level 5. HP: 35/47 MP: 6/6
  1933 | D:3      | Found a transporter.
  1933 | D:3      | Noticed poire's ghost (amateur DrTm)
  1937 | D:3      | Found a transporter.
  1974 | D:3      | Got the Reference Book on Ignition and Feathers
  2235 | D:4      | Noticed a phantom
  2235 | D:4      | Noticed an ogre
  2258 | D:4      | Killed a phantom
  2259 | D:4      | Reached XP level 6. HP: 49/53 MP: 8/8
  2265 | D:4      | Slain by an ogre

Illustrated notes

Levels and vault maps discovered:
D:1:      lightli_arrival_statue_moat, layout_basic,
          hellmonk_ecumenical_altar_watching_god
D:2:      layout_basic, uniq_natasha
D:3:      layout_basic, gammafunk_ghost_arena, solitary_fountain
D:4:      layout_cave_pods, nicolae_ossuary_entry_giza, minmay_starry_boxes

Skill      XL: |  1  2  3  4  5 |
---------------+----------------+-----
Short Blades   | 1 |  1.8
Long Blades    | 1 |  1.8
Maces & Flails | 1 |  1.8
Polearms       | 1 |  1.8
Staves         | 1 |  1.8
Slings         | 1 |  1.8
Bows           | 1 |  1.8
Crossbows      | 1 |  1.8
Throwing       | 1 |  1.8
Dodging        | 1 |  1.8
Stealth        | 1 |  1.8
Unarmed Combat | 1 |  1.8
Spellcasting   | 1 |  1.8
Invocations    | 1 2 |  2.0
Evocations     | 1 |  1.8
Conjurations   | 1 |  1.4
Hexes          | 1 |  1.4
Summonings     | 1 |  1.4
Necromancy     | 1 |  1.4
Translocations | 1 |  1.4
Transmutations | 1 |  1.4
Fire Magic     | 1 |  1.4
Ice Magic      | 1 |  1.4
Air Magic      | 1 |  1.4
Earth Magic    | 1 |  1.4
Poison Magic   | 1 |  1.4
Fighting       | |  6.8
Axes           | |  4.9
Armour         | |  6.8
Shields        | |  6.8

Action                   |  1- 3 |  4- 6 || total
-------------------------+-------+-------++-------
Melee: War axe           |    74 |    83 ||   157
       Bite              |     3 |     5 ||     8
  Use: Scroll            |       |     3 ||     3
       Potion            |       |     1 ||     1
Armor: Scale mail        |    44 |    31 ||    75
Dodge: Dodged            |    27 |    52 ||    79
Block: Kite shield       |    51 |       ||    51
